Map: Королевская бухта РВ

Players

aram

  • Race: Terran Terran
  • League: Platinum
  • Spawn Location: 5:00

Skoose - Winner!

  • Race: Terran Terran
  • League: Platinum
  • Spawn Location: 11:00

VOD

Have the link to the VOD?

Description

Time

  • Played on: March 26, 2019, 2:39 a.m.
  • Length: 12:52
Show
View Real Time Build Order
Export as new Build Order

aram Terran 

Build Orders: Mech 

Get SALT Encoding   

  12  0:02  SCV  
  13  0:13  Refinery  
  13  0:16  SCV  
  14  0:28  SCV  
  15  0:31  Supply Depot  
  15  0:52  SCV  
  15  0:53  Barracks  
  16  1:04  SCV  
  16  1:05  Refinery  
  17  1:16  SCV  
  18  1:29  SCV  
  19  1:43  Orbital Command, Factory  
  19  1:44  Barracks Tech Lab  
  19  2:02  Supply Depot  
  19  2:29  Barracks Reactor, Command Center  
  19  2:35  Siege Tank  
  22  2:47  Barracks  
  22  2:49  SCV  
  23  3:01  SCV  
  24  3:08  Starport  
  24  3:10  Siege Tank  
  27  3:28  Marine x2  
  29  3:35  Barracks Tech Lab  
  29  3:38  Barracks  
  29  3:42  Orbital Command  
  29  3:55  Medivac  
  31  3:59  SCV, Supply Depot  
  32  4:05  Marine x2  
  32  4:08  Orbital Command  
  34  4:11  Combat Shield  
  34  4:39  Marine x3  
  37  4:47  Siege Tank  
  40  4:57  Marine x3, Medivac  
  45  5:05  Barracks Tech Lab  
  45  5:08  SCV  
  46  5:14  Marine  
  46  5:15  Supply Depot, Marine, Marauder  
  46  5:20  SCV  
  51  5:24  Marine  
  52  5:32  SCV, Marine  
  54  5:36  Marine  
  54  5:37  Marauder, Medivac  
  54  5:39  Supply Depot  
  59  5:50  Marine x2  
  59  5:54  Concussive Shells, Marine  
  59  5:55  Stimpack  
  62  6:01  Marauder  
  64  6:13  SCV  
  64  6:15  SCV  
  66  6:25  SCV  
  67  6:38  SCV  
  68  6:42  Marine x2  
  70  6:56  SCV, Marauder  
  70  6:57  Marauder  
  70  7:00  Marine x2  
  61  7:08  SCV  
  48  7:17  Marauder  
  48  7:18  Marine x3  
  48  7:20  Siege Tank  
  56  7:36  Marine x2, Marauder, Factory  
  60  7:38  Factory  
  60  7:39  Marauder  
  60  7:40  Engineering Bay  
  62  7:51  Medivac  
  64  7:55  Marine x2  
  64  7:58  Marauder  
  68  8:00  Marauder  
  68  8:01  Supply Depot  
  70  8:05  Supply Depot  
  70  8:10  Supply Depot  
  70  8:23  Marine  
  70  8:26  Starport Reactor  
  76  8:29  Terran Infantry Armor Level 1  
  76  8:34  Engineering Bay  
  71  8:47  Armory  
  71  9:00  Marine  
  71  9:01  Marine, Marauder x2  
  77  9:04  Factory Tech Lab x2  
  77  9:08  Barracks  
  77  9:09  Barracks  
  77  9:18  Marine x2, Terran Infantry Weapons Level 1  
  77  9:22  Marauder  
  77  9:23  Marauder  
  82  9:36  Marine x2  
  82  9:38  SCV, Refinery  
  85  9:39  Refinery  
  85  9:43  SCV  
  85  9:44  Marauder x2  
  90  9:50  SCV  
  90  9:51  Viking  
  93  9:54  Marine  
  94  10:16  Supply Depot x2  
  94  10:31  Supply Depot  
  94  10:37  Viking  
  94  10:38  SCV x2, Siege Tank x2  
  104  10:50  SCV x2  
  104  10:51  Command Center  
  104  10:52  Marine x4, Marauder  
  104  10:53  Marauder  
  114  11:14  Marauder x2  
  118  11:22  Supply Depot  
  118  11:26  Supply Depot  
  118  11:32  Supply Depot  
  118  11:37  Supply Depot  
  118  11:43  Marine  
  119  12:02  Orbital Command  
  119  12:04  SCV, Refinery  
  120  12:14  Viking  
  122  12:16  SCV  
  102  12:30  Refinery  
Show
View Real Time Build Order
Export as new Build Order

Skoose Terran - Winner!

Build Orders:  

Get SALT Encoding   

  12  0:00  SCV  
  13  0:12  SCV  
  14  0:18  Supply Depot  
  14  0:25  SCV  
  15  0:42  SCV, Barracks  
  16  0:54  SCV  
  17  1:00  Refinery  
  17  1:03  Refinery  
  17  1:06  SCV  
  19  1:18  SCV  
  19  1:30  SCV  
  20  1:34  Reaper  
  20  1:38  Supply Depot  
  21  1:42  Orbital Command  
  21  1:57  Factory  
  21  2:12  Reaper  
  21  2:14  SCV  
  23  2:26  SCV  
  24  2:33  Command Center  
  24  2:42  Hellion  
  26  2:44  Reaper  
  26  2:49  Supply Depot  
  27  2:57  SCV  
  28  3:05  Factory Tech Lab  
  28  3:09  SCV  
  29  3:22  SCV  
  29  3:25  Cyclone  
  29  3:26  Starport  
  33  3:33  Barracks Reactor  
  33  3:34  SCV  
  34  3:35  Engineering Bay  
  34  3:45  Orbital Command  
  34  3:46  SCV  
  35  3:58  SCV  
  36  4:03  Starport Tech Lab  
  36  4:19  Siege Tank  
  36  4:21  Marine x2  
  41  4:39  Marine x2  
  41  4:41  SCV x2  
  45  4:48  Raven  
  47  4:53  SCV x2  
  49  5:13  Refinery  
  49  5:15  Marine x2, Refinery  
  51  5:26  Siege Tank  
  54  5:35  Barracks, Terran Infantry Weapons Level 1  
  54  5:38  Barracks  
  54  5:42  Supply Depot x2  
  54  5:49  Marine  
  57  5:50  SCV x2  
  57  6:03  Marine, Siege Tank  
  61  6:07  Marine  
  61  6:11  Raven  
  62  6:12  SCV x2  
  66  6:23  Barracks Tech Lab  
  66  6:24  SCV x2  
  68  6:26  Barracks Reactor  
  67  6:36  SCV  
  67  6:37  SCV  
  69  6:46  Stimpack  
  69  6:47  Marine x3  
  69  6:48  SCV  
  69  6:49  SCV  
  69  6:54  Medivac  
  70  7:04  Marine  
  70  7:05  Marine x2  
  62  7:21  Marine x2  
  62  7:22  Marine x2  
  64  7:24  Viking  
  64  7:27  Marine  
  64  7:29  SCV  
  70  7:39  Marine x2  
  70  7:40  Marine x2  
  70  7:41  SCV  
  70  7:43  Starport  
  75  7:45  Marine  
  75  7:46  Armory  
  75  7:47  SCV  
  75  7:49  Command Center  
  77  7:53  SCV  
  78  8:02  Supply Depot  
  78  8:08  Supply Depot  
  78  8:12  SCV x2, Siege Tank  
  83  8:23  Raven  
  83  8:24  SCV x2  
  83  8:25  Starport Reactor  
  87  8:36  SCV x2  
  89  8:44  Siege Tank  
  89  8:46  Combat Shield, Refinery  
  89  8:48  SCV, Refinery  
  92  8:51  Marine x5  
  97  9:01  Medivac x2  
  101  9:08  Terran Infantry Armor Level 1  
  101  9:09  Marine x5  
  106  9:12  Engineering Bay  
  106  9:16  Siege Tank  
  109  9:17  Orbital Command  
  109  9:26  Marine  
  109  9:28  Marauder  
  109  9:31  Medivac  
  114  9:33  Marine x3  
  114  9:37  Viking  
  119  9:44  Marine  
  120  9:46  SCV x3  
  123  9:58  SCV x2  
  125  10:07  Supply Depot  
  125  10:09  Supply Depot  
  125  10:11  Supply Depot  
  125  10:17  Terran Infantry Weapons Level 2  
  125  10:24  Terran Vehicle Weapons Level 1  
  125  10:29  SCV, Siege Tank, Viking x2  
  125  10:30  Marine x3  
  125  10:31  SCV x2, Viking  
  140  10:36  Supply Depot x2  
  140  10:41  SCV  
  141  10:43  SCV x2  
  141  10:47  Marine x2  
  141  10:48  Marine  
  146  10:59  Viking  
  146  11:00  Medivac  
  146  11:01  SCV x3, Siege Tank  
  146  11:03  Marine x2  
  158  11:06  Marine x2  
  158  11:07  Marine  
  158  11:09  Medivac  
  163  11:13  SCV x2  
  165  11:22  Supply Depot  
  165  11:23  Supply Depot  
  165  11:25  Supply Depot  
  165  11:26  Supply Depot  
  165  11:34  Concussive Shells  
  165  11:43  Marine x3, Siege Tank, Medivac  
  165  11:45  SCV, Medivac  
  176  11:53  Marine x2  
  178  11:56  SCV x2  
  178  11:57  SCV  
  178  12:01  Marine  
  182  12:08  Barracks  
  182  12:11  Marine x4, Command Center, Factory  
  182  12:12  Barracks, Factory  
  189  12:15  Barracks, Siege Tank  
  189  12:19  Marine  
  190  12:29  Marine  
Tags
 
Add a new tag
Caveats
  • Supply blocks, unpowered buildings, or Contaminate may cause inaccurate times.
  • Supply counts are checked every 10 seconds.